PAA
RENO SILVER SOX @ SPRINGFIELD SHOOTERS
08/20/2033
 
TOP OF THE 1ST
Reno Silver Sox batting - Pitching for Springfield Shooters : RHP Jami Haakana
Pitching: RHP Jami Haakana
Batting: LHB Marcos Costa 0-0: Foul Ball, location: 2F
0-1: Ball
1-1: Called Strike
1-2: Ball
2-2: Foul Ball, location: 2F
2-2: SINGLE (Line Drive, 34)
Batting: RHB Jean Lechuga 0-0: Swinging Strike
0-1: Ball
1-1: Foul Ball, location: 2F
1-2: Ball
2-2: Strikes out looking
Batting: RHB Daniel Bertrand 0-0: Foul Ball, location: 2F
0-1: Foul Ball, location: 2F
0-2: Ball
1-2: Fly out, F8 (Flyball, 8RXD)
Batting: LHB Henry Madore 0-0: Ball
1-0: Fly out, F8 (Flyball, 8LXD)
Top of the 1st over - 0 runs, 1 hit, 0 errors, 1 left on base; Reno 0 - Springfield 0
BOTTOM OF THE 1ST
Springfield Shooters batting - Pitching for Reno Silver Sox : RHP Hans Rager
Pitching: RHP Hans Rager
Batting: RHB Eun-bum Kim 0-0: Ball
1-0: Ball
2-0: Foul Ball, location: 2F
2-1: Swinging Strike
2-2: Fly out, F8 (Flyball, 8RS)
Batting: RHB Sébastien Bernard 0-0: Ball
1-0: Ball
2-0: Called Strike
2-1: Ball
3-1: Base on Balls
Batting: RHB Moriz Ayushiev 0-0: Ball
Sébastien Bernard steals 2nd base
1-0: SINGLE (Line Drive, 8LS)
Sébastien Bernard to third
Runner from 3rd tries for Home, SAFE, no throw
Batting: RHB Jeff Solís 0-0: Grounds into double play, 6-4-3 (Groundball, 6)
Bottom of the 1st over - 1 run, 1 hit, 0 errors, 0 left on base; Reno 0 - Springfield 1
TOP OF THE 2ND
Reno Silver Sox batting - Pitching for Springfield Shooters : RHP Jami Haakana
Batting: RHB George Albaugh 0-0: Called Strike
0-1: Ball
1-1: Ball
2-1: Ball
3-1: Base on Balls
Batting: RHB Armando Romero 0-0: Foul Ball, location: 2F
0-1: Ball
1-1: Ball
2-1: Foul Ball, location: 2F
2-2: SINGLE (Flyball, 8RS)
George Albaugh to second
Batting: LHB Luis Aranda 0-0: Ball
1-0: Ball
2-0: Ball
3-0: Called Strike
3-1: Base on Balls
George Albaugh to third
Armando Romero to second
Batting: RHB Landon Edwards 0-0: Ball
1-0: SINGLE (Line Drive, 8LS)
George Albaugh scores
Armando Romero to third
Luis Aranda to second
Batting: RHB Elijah Seymour 0-0: Grounds into double play, 6-4-3 (Groundball, 56)
Armando Romero scores
Luis Aranda to third
Batting: LHB Marcos Costa 0-0: Called Strike
0-1: SINGLE (Line Drive, 6MD)
Luis Aranda scores
Batting: RHB Jean Lechuga 0-0: Called Strike
0-1: Called Strike
0-2: Foul Ball, location: 2F
0-2: Ball
1-2: Ball
2-2: Ball
Marcos Costa is caught stealing 2nd base
Top of the 2nd over - 3 runs, 3 hits, 0 errors, 0 left on base; Reno 3 - Springfield 1
BOTTOM OF THE 2ND
Springfield Shooters batting - Pitching for Reno Silver Sox : RHP Hans Rager
Batting: RHB Yu-shu Tseng 0-0: Foul Ball, location: 2F
0-1: Fly out, F8 (Line Drive, 8LD)
Batting: RHB Miguel Elías 0-0: Called Strike
0-1: Ball
1-1: Foul Ball, location: 2F
1-2: Ground out 4-3 (Groundball, 4)
Batting: RHB Bastiaan Pieterse 0-0: Called Strike
0-1: Foul Ball, location: 2F
0-2: Foul Ball, location: 2F
0-2: Ball
1-2: Foul Ball, location: 2F
1-2: SOLO HOME RUN (Flyball, 9D), Distance : 368 ft
Batting: RHB Lev Migranov 0-0: Ball
1-0: Swinging Strike
1-1: SINGLE (Line Drive, 9S)
Batting: LHB Ángelo Corona 0-0: SINGLE (Flyball, 7LS)
Lev Migranov to second
Batting: RHB Eun-bum Kim 0-0: Called Strike
0-1: Ball
1-1: Foul Ball, location: 2F
1-2: Ball
2-2: Ball
3-2: Base on Balls
Lev Migranov to third
Ángelo Corona to second
Batting: RHB Sébastien Bernard 0-0: Foul Ball, location: 2F
0-1: Called Strike
0-2: Foul Ball, location: 2F
0-2: Ball
1-2: Strikes out swinging
Bottom of the 2nd over - 1 run, 3 hits, 0 errors, 3 left on base; Reno 3 - Springfield 2
TOP OF THE 3RD
Reno Silver Sox batting - Pitching for Springfield Shooters : RHP Jami Haakana
Batting: RHB Jean Lechuga 0-0: Ground out 4-3 (Groundball, 4)
Batting: RHB Daniel Bertrand 0-0: Called Strike
0-1: Called Strike
0-2: Ball
1-2: Ball
2-2: Fly out, F8 (Flyball, 8RXD)
Batting: LHB Henry Madore 0-0: DOUBLE (Flyball, 89D)
Batting: RHB George Albaugh 0-0: Ball
1-0: Foul Ball, location: 2F
1-1: Called Strike
1-2: SINGLE (Groundball, 6MD)
Henry Madore to third
Runner from 3rd tries for Home, SAFE, throw made home
Batting: RHB Armando Romero 0-0: Ball
1-0: Swinging Strike
1-1: Called Strike
1-2: Fielders Choice at 2nd, 6-4 (Groundball, 6)
Top of the 3rd over - 1 run, 2 hits, 0 errors, 1 left on base; Reno 4 - Springfield 2
BOTTOM OF THE 3RD
Springfield Shooters batting - Pitching for Reno Silver Sox : RHP Hans Rager
Batting: RHB Moriz Ayushiev 0-0: DOUBLE (Flyball, 8RD)
Batting: RHB Jeff Solís 0-0: Fly out, F7 (Flyball, 7)
Batting: RHB Yu-shu Tseng 0-0: Ball
1-0: Foul Ball, location: 2F
1-1: Ball
2-1: Foul Ball, location: 2F
2-2: Ball
3-2: Foul Ball, location: 2F
3-2: Fly out, F9 (Flyball, 89M)
Batting: RHB Miguel Elías 0-0: Ball
1-0: Ground out 6-3 (Groundball, 6)
Bottom of the 3rd over - 0 runs, 1 hit, 0 errors, 1 left on base; Reno 4 - Springfield 2
TOP OF THE 4TH
Reno Silver Sox batting - Pitching for Springfield Shooters : RHP Jami Haakana
Batting: LHB Luis Aranda 0-0: Ball
1-0: Ball
2-0: Ground out 6-3 (Groundball, 6S)
Batting: RHB Landon Edwards 0-0: Ball
1-0: Foul Ball, location: 2F
1-1: Fly out, F8 (Line Drive, 8RD)
Batting: RHB Elijah Seymour 0-0: Ball
1-0: Foul Ball, location: 2F
1-1: SINGLE (Groundball, 34D)
Batting: LHB Marcos Costa 0-0: Foul Ball, location: 2F
0-1: Fly out, F7 (Flyball, 7S)
Top of the 4th over - 0 runs, 1 hit, 0 errors, 1 left on base; Reno 4 - Springfield 2
BOTTOM OF THE 4TH
Springfield Shooters batting - Pitching for Reno Silver Sox : RHP Hans Rager
Batting: RHB Bastiaan Pieterse 0-0: Ground out 6-3 (Groundball, 6M)
Batting: RHB Lev Migranov 0-0: Foul Ball, location: 2F
0-1: Foul Ball, location: 2F
0-2: Ball
1-2: Foul Ball, location: 2F
1-2: Foul Ball, location: 2F
1-2: Foul Ball, location: 2F
1-2: Ball
2-2: Ball
3-2: SINGLE (Groundball, 6D)
Batting: LHB Ángelo Corona 0-0: Ball
1-0: Called Strike
1-1: Fielders Choice at 2nd, 4-6 (Groundball, 4)
Batting: RHB Eun-bum Kim 0-0: Ball
1-0: Called Strike
1-1: Foul Ball, location: 2F
1-2: Foul Ball, location: 2F
1-2: Ball
2-2: Ball
3-2: Strikes out swinging
Bottom of the 4th over - 0 runs, 1 hit, 0 errors, 1 left on base; Reno 4 - Springfield 2
TOP OF THE 5TH
Reno Silver Sox batting - Pitching for Springfield Shooters : RHP Jami Haakana
Batting: RHB Jean Lechuga 0-0: Ball
1-0: Fly out, F2 (Popup, 2RF)
Batting: RHB Daniel Bertrand 0-0: Ball
1-0: Fly out, F9 (Flyball, 89M)
Batting: LHB Henry Madore 0-0: Ball
1-0: Ball
2-0: Ball
3-0: Base on Balls
Batting: RHB George Albaugh 0-0: Swinging Strike
0-1: Foul Ball, location: 2F
0-2: Strikes out swinging
Top of the 5th over - 0 runs, 0 hits, 0 errors, 1 left on base; Reno 4 - Springfield 2
BOTTOM OF THE 5TH
Springfield Shooters batting - Pitching for Reno Silver Sox : RHP Hans Rager
Batting: RHB Sébastien Bernard 0-0: Fly out, F9 (Flyball, 89M)
Batting: RHB Moriz Ayushiev 0-0: Ball
1-0: Ball
2-0: Called Strike
2-1: Ground out 3-1 (Groundball, 34)
Batting: RHB Jeff Solís 0-0: Ball
1-0: Foul Ball, location: 2F
1-1: Ball
2-1: Foul Ball, location: 2F
2-2: Strikes out swinging
Bottom of the 5th over - 0 runs, 0 hits, 0 errors, 0 left on base; Reno 4 - Springfield 2
TOP OF THE 6TH
Reno Silver Sox batting - Pitching for Springfield Shooters : RHP Jami Haakana
Batting: RHB Armando Romero 0-0: Ball
1-0: SINGLE (Line Drive, 6D)
Batting: LHB Luis Aranda 0-0: Ball
1-0: Foul Ball, location: 2F
1-1: Fly out, F9 (Line Drive, 9D)
Batting: RHB Landon Edwards 0-0: Ball
1-0: Called Strike
1-1: Ball
2-1: Swinging Strike
2-2: Fly out, F8 (Flyball, 8LD)
Pitching: LHP Otte Leuthold
Batting: RHB Elijah Seymour 0-0: Foul Ball, location: 2F
0-1: Ball
1-1: Called Strike
1-2: Ground out 4-3 (Groundball, 4)
Top of the 6th over - 0 runs, 1 hit, 0 errors, 1 left on base; Reno 4 - Springfield 2
BOTTOM OF THE 6TH
Springfield Shooters batting - Pitching for Reno Silver Sox : RHP Hans Rager
Batting: RHB Yu-shu Tseng 0-0: Ball
1-0: Called Strike
1-1: SINGLE (Groundball, 56) (infield hit)
Batting: RHB Miguel Elías 0-0: Ball
1-0: Foul Ball, location: 2F
1-1: 2-RUN HOME RUN (Flyball, 7LD), Distance : 338 ft
Batting: RHB Bastiaan Pieterse 0-0: Ground out 2-3 (Groundball, 2R)
Batting: RHB Lev Migranov 0-0: Foul Ball, location: 2F
0-1: Foul Ball, location: 2F
0-2: Fly out, F6 (Line Drive, 6M)
Batting: LHB Ángelo Corona 0-0: Called Strike
0-1: Hit by Pitch
Batting: RHB Eun-bum Kim 0-0: Ball
1-0: Called Strike
1-1: Ball
2-1: Ball
3-1: Called Strike
3-2: Strikes out looking
Bottom of the 6th over - 2 runs, 2 hits, 0 errors, 1 left on base; Reno 4 - Springfield 4
TOP OF THE 7TH
Reno Silver Sox batting - Pitching for Springfield Shooters : LHP Otte Leuthold
Batting: LHB Marcos Costa 0-0: SINGLE (Line Drive, 56D)
Batting: RHB Jean Lechuga 0-0: Bunted foul
0-1: Sac Bunt - play at first, batter OUT! 5-4
Marcos Costa to second
Batting: RHB Daniel Bertrand 0-0: SINGLE (Flyball, 8RS)
Marcos Costa to third
Runner from 3rd tries for Home, SAFE, no throw
Pinch Hitting: RHB Carlos González 0-0: Ball
Daniel Bertrand steals 2nd base
1-0: Swinging Strike
1-1: Foul Ball, location: 2F
1-2: Ground out 6-3 (Groundball, 6)
Daniel Bertrand to third
Batting: RHB George Albaugh 0-0: Foul Ball, location: 2F
0-1: Called Strike
0-2: Ball
1-2: SINGLE (Line Drive, 56D)
Daniel Bertrand scores
Batting: RHB Armando Romero 0-0: Called Strike
0-1: Called Strike
0-2: Strikes out swinging
Top of the 7th over - 2 runs, 3 hits, 0 errors, 1 left on base; Reno 6 - Springfield 4
BOTTOM OF THE 7TH
Springfield Shooters batting - Pitching for Reno Silver Sox : RHP Hans Rager
Now in RF: Carlos González
Batting: RHB Sébastien Bernard 0-0: Ball
1-0: Foul Ball, location: 2F
1-1: SINGLE (Flyball, 9S)
Batting: RHB Moriz Ayushiev 0-0: Ball
Sébastien Bernard is caught stealing 2nd base
1-0: Called Strike
1-1: SOLO HOME RUN (Flyball, 78XD), Distance : 405 ft
Pitching: RHP Raúl Valdéz
Batting: RHB Jeff Solís 0-0: DOUBLE (Line Drive, 3D)
Batting: RHB Yu-shu Tseng 0-0: Ball
1-0: Foul Ball, location: 2F
1-1: Hit by Pitch
Batting: RHB Miguel Elías 0-0: Ball
1-0: Ball
2-0: Ball
3-0: Base on Balls
Jeff Solís to third
Yu-shu Tseng to second
Batting: RHB Bastiaan Pieterse 0-0: Called Strike
0-1: Foul Ball, location: 2F
0-2: DOUBLE (Line Drive, 8LD)
Jeff Solís scores
Yu-shu Tseng scores
Miguel Elías to third
Runner from 3rd tries for Home, SAFE, no throw
Batting: RHB Lev Migranov 0-0: Intentional Walk
Pitching: RHP Aaron Houchens
Batting: LHB Ángelo Corona 0-0: Swinging Strike
0-1: Ball
1-1: Foul Ball, location: 2F
1-2: Foul Ball, location: 2F
1-2: Fly out, F9 (Line Drive, 9)
Batting: RHB Eun-bum Kim 0-0: Called Strike
0-1: Fielders Choice at 2nd, 5-4 (Groundball, 56)
Bottom of the 7th over - 4 runs, 4 hits, 0 errors, 2 left on base; Reno 6 - Springfield 8
TOP OF THE 8TH
Reno Silver Sox batting - Pitching for Springfield Shooters : LHP Otte Leuthold
Batting: LHB Luis Aranda 0-0: Ball
1-0: Ball
2-0: Ball
3-0: Called Strike
3-1: Foul Ball, location: 2F
3-2: Base on Balls
Batting: RHB Landon Edwards 0-0: Foul Ball, location: 2F
0-1: Foul Ball, location: 2F
0-2: Ball
1-2: Ball
2-2: Ball
3-2: Base on Balls
Luis Aranda to second
Pitching: RHP Dermot Eridge
Batting: RHB Elijah Seymour 0-0: Foul Ball, location: 2F
0-1: Ball
1-1: Grounds into double play, 4-6-3 (Groundball, 4)
Luis Aranda to third
Batting: LHB Marcos Costa 0-0: Ball
1-0: Ball
2-0: SINGLE (Flyball, 5D)
Luis Aranda scores
Batting: RHB Jean Lechuga 0-0: Ball
1-0: Called Strike
1-1: SINGLE (Line Drive, 56)
Marcos Costa to second
Batting: RHB Daniel Bertrand 0-0: Fly out, F8 (Flyball, 89XD)
Top of the 8th over - 1 run, 2 hits, 0 errors, 2 left on base; Reno 7 - Springfield 8
BOTTOM OF THE 8TH
Springfield Shooters batting - Pitching for Reno Silver Sox : RHP Aaron Houchens
Batting: RHB Sébastien Bernard 0-0: Called Strike
0-1: Ground out 5-3 (Groundball, 56S)
Batting: RHB Moriz Ayushiev 0-0: Ball
1-0: Swinging Strike
1-1: Ball
2-1: Ball
3-1: Called Strike
3-2: Foul Ball, location: 2F
3-2: Ground out 5-3 (Groundball, 5L)
Batting: RHB Jeff Solís 0-0: Ball
1-0: Ball
2-0: Called Strike
2-1: Ball
3-1: Foul Ball, location: 2F
3-2: Base on Balls
Batting: RHB Yu-shu Tseng 0-0: Ball
1-0: Called Strike
Jeff Solís steals 2nd base
1-1: Called Strike
1-2: Ball
2-2: Ball
3-2: Strikes out swinging
Bottom of the 8th over - 0 runs, 0 hits, 0 errors, 1 left on base; Reno 7 - Springfield 8
TOP OF THE 9TH
Reno Silver Sox batting - Pitching for Springfield Shooters : RHP Dermot Eridge
Pitching: RHP Mark Zaugg
Now at C: Pacu Martic
Now at 1B: Janghyun Yi
Batting: RHB Carlos González 0-0: Called Strike
0-1: Swinging Strike
0-2: Ball
1-2: Strikes out swinging
Batting: RHB George Albaugh 0-0: Ball
1-0: Called Strike
1-1: SINGLE (Groundball, 13) (infield hit)
Batting: RHB Armando Romero 0-0: Ball
1-0: Ball
2-0: Foul Ball, location: 2F
2-1: Ball
3-1: DOUBLE (Flyball, 8LXD)
George Albaugh to third
Batting: LHB Luis Aranda 0-0: Called Strike
0-1: Ball
1-1: Ball
2-1: Fly out, F5 (Popup, 5SF)
Batting: RHB Landon Edwards 0-0: Foul Ball, location: 2F
0-1: Fly out, F6 (Flyball, 56D)
Top of the 9th over - 0 runs, 2 hits, 0 errors, 2 left on base; Reno 7 - Springfield 8
Saturday, December 22nd, 2018 - OOTP Baseball 18.8 Build 76